 Dungeon Crawl Stone Soup version 0.31-a0-675-g238779eb0a (webtiles) character file.

Game seed: 17800074893006827917

340 qw the Shooter (level 6, -2/40 HPs)
             Began as a Gargoyle Hunter on Sept 5, 2023.
             Slain by Edmund
             ... wielding a +2 flail of protection
              (11 damage)
             ... on level 4 of the Dungeon.
             The game lasted 00:01:22 (3264 turns).

qw the Shooter (Gargoyle Hunter)                    Turns: 3264, Time: 00:01:23

Health: -2/40      AC: 11    Str: 15    XL:     6   Next: 56%
Magic:  6/6        EV: 12    Int:  9    God:
Gold:   198        SH:  0    Dex: 15    Spells: 5/5 levels left

rFire   . . .        Y - +1 shortbow
rCold   + . .        (shield currently unavailable)
rNeg    + . .        h - +2 robe
rPois   inf          a - +0 helmet
rElec   +            d - +1 cloak
rCorr   .            (no gloves)
SInv    .            (no boots)
Will    +....        (no amulet)
Stlth   ++           i - ring of protection from cold
HPRegen 0.26/turn    m - ring of willpower
MPRegen 0.10/turn

%: no passive effects
@: about to teleport
A: sickness immunity, AC +4, negative energy resistance 1, electricity
resistance, torment resistance 1, petrification resistance
a: no special abilities


You were on level 4 of the Dungeon.
You visited 1 branch of the dungeon, and saw 4 of its levels.

You collected 198 gold pieces.


Innate Abilities, Weirdness & Mutations

You are immune to sickness and miasma.
Your stone body is resilient. (AC +4)
You are immune to poison.
You resist negative energy. (rN+)
You are resistant to electric shocks. (rElec)
You are resistant to unholy torment.
You are immune to petrification.


   Skills:
 - Level 5.1 Fighting
 + Level 6.1 Ranged Weapons
 - Level 1.0 Armour
 - Level 1.5 Dodging
 - Level 1.1 Stealth


You had 5 spell levels left.
You didn't know any spells.
Your spell library was empty.

Inventory:

Hand Weapons
 Y - a +1 shortbow (weapon)
Armour
 a - a +0 helmet (worn)
 d - a +1 cloak (worn)
 h - a +2 robe (worn)
 n - a +2 leather armour of fire resistance
Jewellery
 i - a ring of protection from cold (left hand)
 l - a ring of wizardry
 m - a ring of willpower (right hand)
 p - an amulet of regeneration
Scrolls
 k - a scroll of noise {unknown}
Potions
 b - a potion of resistance {unknown}
 c - a potion of invisibility {unknown}
 e - a potion of enlightenment {unknown}
 f - a potion of berserk rage {unknown}
 j - a potion of mutation {unknown}
 o - a potion of might {unknown}

Dungeon Overview and Level Annotations

Branches:
Dungeon (4/15)
 Temple: D:4-7

Altars:
Fedhas

Annotations:
D:3 3 runed translucent doors, qw's ghost, amateur GrHs; qw's ghost, amateur MiHs; qw's ghost, weakling GrHs
D:4 2 transporters, Edmund


Message History

Edmund is lightly wounded.
Edmund closely misses you.
You shoot an arrow.
The arrow hits Edmund but does no damage.
Edmund is lightly wounded.
Edmund closely misses you.
You shoot an arrow. The arrow hits Edmund!
Edmund is moderately wounded.
Edmund hits you with a +2 flail of protection.
You shoot an arrow.
The arrow hits Edmund but does no damage.
Edmund is moderately wounded.
Edmund says, "You wouldn't believe how much I paid for this flail."
Edmund misses you.
You shoot an arrow.
The arrow hits Edmund but does no damage.
Edmund is moderately wounded.
Edmund hits you with a +2 flail of protection!
You shoot an arrow.
The arrow hits Edmund but does no damage.
Edmund is moderately wounded.
Edmund hits you but does no damage.
You shoot an arrow. The arrow closely misses Edmund.
Edmund completely misses you.
You shoot an arrow. The arrow hits Edmund.
Edmund is moderately wounded.
Edmund hits you with a +2 flail of protection!
You shoot an arrow. The arrow closely misses Edmund.
Edmund closely misses you. Edmund hits you but does no damage.
You shoot an arrow. The arrow barely misses Edmund.
Edmund barely misses you.
You shoot an arrow. The arrow hits Edmund.
Edmund is moderately wounded.
Edmund hits you with a +2 flail of protection!
3264 ||| READING scroll of teleportation.
As you read the scroll of teleportation, it crumbles to dust.
You feel strangely unstable.
Edmund hits you with a +2 flail of protection!
You die...
Edmund says, "I'd like to see a scythe do that!"

#.......#.#.#.............#
#.....#.#.#.#.###########.#
#.....#.#.#.#.# #........#
#...#.#^#.#.#.# #........#
#..(#.#.#.#.### #........#
#...#.#.#.#)# #........#
#...#.#<....# #........#
#...#.#.#@###############.#
#....<#.#.@...............#
#...#.#.#..................
#..##.#.#.#################
#.....#.#.# #.#####.#.#
#.........# #######.### #.#
#.#


You could see Edmund.

Vanquished Creatures
  Eustachio (D:4)
  A hound (D:4)
  Jessica (D:2)
  An iguana (D:4)
  An orc wizard (D:4)
  4 adders
  A worm (D:2)
  4 dart slugs
  4 endoplasms
  4 giant cockroaches
  4 goblins
  5 hobgoblins
  2 jackals (D:2)
  A quokka (D:1)
  10 ball pythons
  7 bats
  A frilled lizard (D:1)
  4 kobolds
  4 rats
60 creatures vanquished.

Notes
Turn   | Place    | Note
-------+----------+-------------------------------------------
     0 | D:1      | qw the Gargoyle Hunter began the quest for the Orb.
     0 | D:1      | Reached XP level 1. HP: 12/12 MP: 1/1
     0 | D:1      | 0 ||| qw: Version: 0.3-a-75-g829b12e
     0 | D:1      | 0 ||| qw: Game counter: 89
     0 | D:1      | 0 ||| qw: Melee chars always use a shield: true
     0 | D:1      | 0 ||| qw: God list: Okawaru
     0 | D:1      | 0 ||| qw: Allow faded altars: false
     0 | D:1      | 0 ||| qw: Do Orc after clearing Dungeon:15 true
     0 | D:1      | 0 ||| qw: Do second Lair branch before Depths: true
     0 | D:1      | 0 ||| qw: Lair rune preference: random
     0 | D:1      | 0 ||| qw: Goals: Normal
     0 | D:1      | 0 ||| PLANNING D:1-11
   136 | D:1      | Reached XP level 2. HP: 17/17 MP: 2/2
   691 | D:1      | 691 ||| UPGRADING to +0 ring mail.
   701 | D:1      | 701 ||| DROPPING +0 leather armour.
   702 | D:1      | 702 ||| UPGRADING to ring of protection from cold.
   703 | D:1      | 703 ||| READING scroll labelled TAAVYPO XEROPT.
   704 | D:1      | 704 ||| READING 3 scrolls labelled BIQIATW FINU.
   708 | D:1      | 708 ||| READING scroll labelled MABAUWEYNK.
   709 | D:1      | 709 ||| READING scroll labelled LENIDE WUCOE.
   710 | D:1      | 710 ||| DROPPING scroll of butterflies.
   850 | D:2      | Reached XP level 3. HP: 21/21 MP: 3/3
   851 | D:2      | Reached skill level 1 in Armour
  1036 | D:2      | Reached skill level 5 in Ranged Weapons
  1180 | D:2      | Noticed Jessica
  1191 | D:2      | Killed Jessica
  1192 | D:2      | Reached skill level 3 in Fighting
  1192 | D:2      | Reached XP level 4. HP: 28/28 MP: 4/4
  1494 | D:2      | 1494 ||| UPGRADING to +0 helmet.
  1499 | D:2      | 1499 ||| UPGRADING to +2 robe.
  1509 | D:2      | 1509 ||| DROPPING +0 ring mail.
  1510 | D:2      | 1510 ||| READING scroll labelled UCEIQE POOLE.
  1511 | D:2      | 1511 ||| READING scroll labelled JESSAQ IQER.
  1561 | D:3      | Found a runed translucent gate.
  1562 | D:3      | Found a runed translucent gate.
  1566 | D:3      | Found a runed translucent gate.
  1567 | D:3      | Noticed qw's ghost (amateur MiHs)
  1567 | D:3      | Noticed qw's ghost (weakling GrHs)
  1568 | D:3      | Noticed qw's ghost (amateur GrHs)
  2015 | D:3      | Reached XP level 5. HP: 32/32 MP: 5/5
  2344 | D:3      | 2344 ||| UPGRADING to +1 cloak.
  2349 | D:3      | 2349 ||| UPGRADING to ring of willpower.
  2350 | D:3      | 2350 ||| READING scroll labelled YLEERE EBBAUH.
  2351 | D:3      | 2351 ||| READING scroll labelled HIHUIZ UFI.
  2352 | D:3      | 2352 ||| READING scroll labelled ROAMNA TALO HALI.
  2353 | D:3      | 2353 ||| READING scroll labelled ROICAR ZIPH.
  2451 | D:4      | Noticed Eustachio
  2513 | D:4      | Noticed Edmund
  2519 | D:4      | 2519 ||| Stepping ~*~*~tactically~*~*~ (retreating).
  2520 | D:4      | 2520 ||| Stepping ~*~*~tactically~*~*~ (retreating).
  2521 | D:4      | 2521 ||| Stepping ~*~*~tactically~*~*~ (retreating).
  2525 | D:4      | Reached skill level 6 in Ranged Weapons
  2527 | D:4      | HP: 3/32 [Edmund/+2 flail of protection (11)]
  2528 | D:4      | 2528 ||| READING 3 scrolls of teleportation.
  2529 | D:4      | HP: 1/32 [Edmund/+2 flail of protection (3)]
  2532 | D:4      | Found a blossoming altar of Fedhas.
  2679 | D:4      | Found a transporter.
  2726 | D:4      | Found a transporter.
  2766 | D:4      | HP: 8/32 [Edmund/+2 flail of protection (7)]
  2767 | D:4      | 2767 ||| READING 2 scrolls of teleportation.
  2986 | D:4      | 2986 ||| Stepping ~*~*~tactically~*~*~ (retreating).
  2990 | D:4      | 2990 ||| Stepping ~*~*~tactically~*~*~ (retreating).
  2992 | D:4      | 2992 ||| Stepping ~*~*~tactically~*~*~ (retreating).
  2993 | D:4      | 2993 ||| Stepping ~*~*~tactically~*~*~ (retreating).
  2994 | D:4      | 2994 ||| Stepping ~*~*~tactically~*~*~ (retreating).
  2998 | D:4      | 2998 ||| Stepping ~*~*~tactically~*~*~ (retreating).
  2999 | D:4      | 2999 ||| Stepping ~*~*~tactically~*~*~ (retreating).
  3000 | D:4      | 3000 ||| Stepping ~*~*~tactically~*~*~ (retreating).
  3001 | D:4      | 3001 ||| Stepping ~*~*~tactically~*~*~ (retreating).
  3002 | D:4      | 3002 ||| Stepping ~*~*~tactically~*~*~ (retreating).
  3009 | D:4      | 3009 ||| Stepping ~*~*~tactically~*~*~ (retreating).
  3010 | D:4      | 3010 ||| Stepping ~*~*~tactically~*~*~ (retreating).
  3049 | D:4      | Killed Eustachio
  3050 | D:4      | Reached XP level 6. HP: 35/40 MP: 6/6
  3263 | D:4      | HP: 8/40 [Edmund/+2 flail of protection (7)]
  3264 | D:4      | 3264 ||| READING scroll of teleportation.
  3264 | D:4      | Slain by Edmund

Levels and vault maps discovered:
D:1:      lightli_arrival_lavapool, layout_loops_cross, minmay_quantized
D:2:      layout_loops_cross, nicolae_houndstooth_variations, uniq_jessica
D:3:      layout_loops_ring, gammafunk_ghost_cemetery
D:4:      gammafunk_steamed_eel, layout_basic,
          mainiacjoe_overflow_cross_hatched, uniq_eustachio, uniq_edmund

Skill      XL: |  1  2  3  4  5 |
---------------+----------------+-----
Armour         | 1 |  1.0
Ranged Weapons | 5 6 |  6.1
Fighting       | 3 5 |  5.1
Dodging        | |  1.5
Stealth        | |  1.1

Action                     |  1- 3 |  4- 6 || total
---------------------------+-------+-------++-------
   Fire: Shortbow          |   123 |   218 ||   341
    Use: Scroll            |     4 |     9 ||    13
 Armour: Leather armour    |     7 |       ||     7
         Ring mail         |    31 |     2 ||    33
         Robe              |       |   120 ||   120
  Dodge: Dodged            |    37 |   141 ||   178

Table legend:
 A = Non-vault XP
 B = Vault XP
 C = Vault XP percentage of total XP
 D = Non-vault monster count
 E = Vault monster count
 F = Vault count percentage of total count
                 A         B        C        D         E       F
            +---------+---------+-------+---------+---------+-------
      Total |     256 |     230 |  47.3 |      55 |       5 |   8.3
            +---------+---------+-------+---------+---------+-------
        D:1 |      21 |       5 |  19.2 |      12 |       3 |  20.0
        D:2 |      56 |      37 |  39.8 |      23 |       1 |   4.2
        D:3 |      65 |       0 |   0.0 |      17 |       0 |   0.0
        D:4 |     114 |     188 |  62.3 |       3 |       1 |  25.0
            +---------+---------+-------+---------+---------+-------
